 Dungeon Crawl Stone Soup version 0.28.0 (webtiles) character file.

Game seed: 14299292619461642844

37 horus123 the Grave Robber (level 3, -7/19 HPs)
             Began as a Deep Elf Necromancer on Feb 17, 2022.
             Mangled by an ogre (26 damage)
             ... on level 2 of the Dungeon.
             The game lasted 00:02:29 (1932 turns).

horus123 the Grave Robber (Deep Elf Necromancer)    Turns: 1932, Time: 00:02:30

Health: -7/19      AC:  4    Str:  5    XL:     3   Next: 21%
Magic:  2/10       EV: 12    Int: 21    God:
Gold:   38         SH:  0    Dex: 15    Spells: 6/10 levels left

rFire   + . .      SeeInvis .   h - +9 whip of Egomania {flame, rF+}
rCold   . . .      Faith    .   (no shield)
rNeg    . . .      Spirit   .   a - +0 robe
rPois   .          Reflect  .   (no helmet)
rElec   .          Harm     .   (no cloak)
rCorr   .          Rampage  .   d - +1 pair of gloves
Will    .....                   (no boots)
Stlth   ++........              (no amulet)
HPRegen 0.06/turn               (no ring)
MPRegen 0.12/turn               (no ring)

@: no status effects
A: no striking features
a: no special abilities


You were on level 2 of the Dungeon.
You visited 1 branch of the dungeon, and saw 2 of its levels.

You collected 38 gold pieces.

Inventory:

Hand Weapons
 c - a +0 long sword
 h - the +9 whip of Egomania (weapon) {flame, rF+}
   (You found it on level 2 of the Dungeon)

   It burns those it strikes, dealing additional fire damage.
   rF:        It protects you from fire.
Missiles
 b - 4 boomerangs of dispersal
Armour
 a - a +0 robe (worn)
 d - a +1 pair of gloves (worn)
Scrolls
 e - a scroll of vulnerability {unknown}
 f - a scroll of fog {unknown}
 g - a scroll of immolation {unknown}


   Skills:
 - Level 2.4 Dodging
 - Level 2.4 Stealth
 - Level 4.0 Spellcasting
 + Level 5.7 Necromancy


You had 6 spell levels left.
You knew the following spells:

 Your Spells              Type           Power      Damage    Failure   Level
a - Pain                  Necr           100%       1d9       1%          1
b - Vampiric Draining     Necr           28%        2d8       3%          3

Your spell library contained the following spells:

 Spells                   Type           Power      Damage    Failure   Level
 Animate Skeleton         Necr           56%        N/A       1%          1
 Animate Dead             Necr           14%        N/A       12%         4
 Agony                    Necr           28%        N/A       32%         5


Dungeon Overview and Level Annotations

Branches:
Dungeon (2/15)

Altars:
Elyvilon

Shops:
D:1 (


Message History

h - the +9 whip of Egomania (weapon)
{flame, rF+} A kobold comes into view. It is wielding a +0 club.
The kobold shouts!
A bat comes into view.
The bat moves out of view.
The kobold writhes in agony.
You kill the kobold!
A bat is nearby!
You can't see any susceptible monsters within range! (Use Z to cast anyway.)
Things that are here:
a +0 club; a kobold corpse The bat writhes in agony.
The bat writhes in agony!
You kill the bat!
An ogre comes into view. It is wielding a +0 giant club.
The ogre shouts!
The ogre barely resists.
You hear a shout!
The ogre writhes in agony!
The ogre barely resists.
The ogre writhes in agony.
Casting: Pain (safe; 1% risk of failure)
Confirm with . or Enter, or press ? or * to list all spells.
You don't know that spell.
Unknown command.
Casting: Pain (safe; 1% risk of failure)
Confirm with . or Enter, or press ? or * to list all spells.
The spell is quite dangerous to miscast (3% risk of failure)!
Continue anyway?
Aiming: Vampiric Draining (quite dangerous; 3% risk of failure)
Press: ? - help, Shift-Dir - straight line, f/p - ogre
Aim: an ogre, wielding a +0 giant club (moderately wounded)
You draw life force from the ogre!
You feel life coursing into your body. The ogre barely misses you.
Aiming: Pain (safe; 1% risk of failure)
Press: ? - help, Q - select action, (/) - cycle Shift-Dir - straight line, f/p - ogre
Aim: an ogre, wielding a +0 giant club (severely wounded, chance to affect: 83%)
The ogre writhes in agony.
The ogre hits you with a +0 giant club!!
Ouch! That really hurt!
You die...

###### ####....#######
...............
.###########....########
......O@.........)......
########################
# ..... .(...


You could see an ogre.

Vanquished Creatures
  A dart slug (D:1)
  5 endoplasms
  2 goblins (D:1)
  A hobgoblin (D:1)
  7 jackals (D:1)
  A quokka (D:1)
  2 ball pythons (D:1)
  4 bats
  3 frilled lizards (D:1)
  3 kobolds
  2 rats (D:1)
31 creatures vanquished.

Notes
Turn   | Place    | Note
-------+----------+-------------------------------------------
     0 | D:1      | horus123 the Deep Elf Necromancer began the quest for the
                  | Orb.
     0 | D:1      | Reached XP level 1. HP: 10/10 MP: 6/6
   334 | D:1      | Found a faded altar of an unknown god.
   349 | D:1      | Reached XP level 2. HP: 12/15 MP: 6/9
   618 | D:1      | Reached skill level 5 in Necromancy
  1383 | D:1      | Reached XP level 3. HP: 17/19 MP: 7/10
  1387 | D:1      | Learned a level 3 spell: Vampiric Draining
  1534 | D:1      | Found Jozyiful's Weapon Shop.
  1839 | D:2      | Found a white marble altar of Elyvilon.
  1864 | D:2      | Identified the +9 whip of Egomania {flame, rF+}
  1924 | D:2      | Noticed an ogre
  1932 | D:2      | Mangled by an ogre

Illustrated notes

Levels and vault maps discovered:
D:1:      onia_arrival_mini_spirals, layout_basic, serial_shops,
          nicolae_shop_hallway_stairs, chequers_ecumenical_altar_island
D:2:      layout_basic, basic_altar

Skill      XL: |  1  2 |
---------------+-------+-----
Spellcasting   | 4 |  4.0
Necromancy     | 5 |  5.7
Dodging        | |  2.4
Stealth        | |  2.4

Action                   || total
-------------------------++-------
Melee: Long sword        ||     1
 Cast: Pain              ||    51
       Vampiric Draining ||     1
  Use: Scroll            ||     1
Armor: Robe              ||     5
Dodge: Dodged            ||     6
